AoeStats
← erikasantos1455

Arena

504674042Analyzed
4v4 RM · 26d ago on Sep 6, 2026· 54m 53s· 8 players
Game mode
Random Map
Map size
Large (8 player)
Population
200
Speed
Normal
Resources
Standard
Victory
Conquest
Starting age
Dark Age
Ending age
Imperial Age
RankedLock teamsTeams togetherTeam positionsShared explorationLock speedFull tech treeHidden civsTurbo modeCheats
Victory
Defeat
🇿🇦 Mongols · South Africa
906
+11
🇰🇭 Khmer · Cambodia
878
+12
🇨🇱 Persians · Chile
856
+13
🇨🇳 Khitans · China
840
+14
🇨🇴 Persians · Colombia
1005
-54
🇨🇴 Gurjaras · Colombia
774
-12
🇨🇴 Sicilians · Colombia
731
-10
🇨🇴 Spanish · Colombia
670
-8
anikul73
13:43 Feudal Age
17:16 Castle Age
15:12 Horse Collar
15:20 Double-Bit Axe
24:12 Caravan
24:57 Heavy Plow
29:47 Imperial Age
28:07 Town Watch
30:36 Tusk Swords
30:48 Gold Mining
33:07 Chemistry
32:20 Town Patrol
32:51 Forging
34:20 Double Crossbow
33:52 Heavy Scorpion
35:36 Wheelbarrow
36:57 Elite Battle Elephant
38:44 Light Cavalry
44:10 Capped Ram
45:09 Siege Ram
Fenixx
0:50 Loom
11:52 Feudal Age
12:28 Double-Bit Axe
12:25 Horse Collar
13:22 Wheelbarrow
13:14 Town Watch
20:16 Castle Age
18:08 Stone Mining
18:16 Gold Mining
19:19 Forging
20:04 Scale Barding Armor
22:58 Husbandry
25:09 Gold Shaft Mining
25:09 Stone Shaft Mining
26:28 Bloodlines
28:52 Heavy Plow
29:04 Bow Saw
29:27 Caravan
31:48 Chain Barding Armor
32:06 Iron Casting
36:09 Imperial Age
35:03 Hand Cart
35:11 Chain Barding Armor
35:23 Devotion
36:00 Cavalier
40:07 Two-Man Saw
40:24 Savar
42:33 Crop Rotation
44:29 Blast Furnace
44:17 Plate Barding Armor
44:43 Conscription
49:20 Chemistry
48:41 Ballistics
GreenBeret
7:53 Loom
11:33 Feudal Age
15:32 Castle Age
14:04 Double-Bit Axe
14:07 Horse Collar
15:00 Scale Mail Armor
16:24 Forging
18:12 Town Watch
20:51 Wheelbarrow
21:41 Pikeman
26:14 Iron Casting
29:14 Fortified Wall
29:25 Ballistics
32:02 Imperial Age
31:24 Hand Cart
32:49 Heavy Plow
33:16 Bow Saw
32:39 Capped Ram
34:04 Onager
35:06 Squires
34:53 Arson
35:25 Chain Mail Armor
36:57 Gold Mining
36:58 Stone Mining
37:33 Siege Ram
39:35 Stone Shaft Mining
39:37 Gold Shaft Mining
38:35 Siege Onager
40:07 Plate Mail Armor
40:04 Drill
41:31 Conscription
40:32 Elite Mangudai
43:47 Chemistry
42:53 Siege Engineers
42:42 Fletching
42:53 Padded Archer Armor
43:53 Blast Furnace
46:41 Bodkin Arrow
47:01 Leather Archer Armor
46:59 Masonry
46:46 Murder Holes
49:47 Elite Skirmisher
50:53 Parthian Tactics
50:34 Thumb Ring
50:17 Man-at-Arms
51:01 Bracer
51:07 Scale Barding Armor
908029158
11:04 Feudal Age
11:34 Domestication
11:43 Double-Bit Axe
18:53 Castle Age
17:00 Stone Mining
17:09 Gold Mining
20:48 Pastoralism
21:02 Bow Saw
24:46 Scale Mail Armor
24:57 Forging
28:34 Iron Casting
28:14 Chain Mail Armor
30:32 Wheelbarrow
29:42 Loom
29:44 Town Watch
32:36 Lamellar Armor
33:01 Hand Cart
33:44 Stone Shaft Mining
34:45 Town Patrol
38:16 Imperial Age
36:29 Treadmill Crane
37:03 Fortified Wall
36:49 Murder Holes
37:05 Masonry
37:16 Ballistics
37:20 Chain Mail Armor
37:10 Scale Barding Armor
37:06 Padded Archer Armor
36:56 Fletching
39:29 Transhumance
40:07 Two-Man Saw
39:33 Conscription
39:52 Guilds
41:19 Elite Liao Dao
43:00 Ordo Cavalry
43:07 Siege Engineers
44:13 Chemistry
46:39 Plate Mail Armor
46:37 Heated Shot
47:13 Chain Barding Armor
47:17 Caravan
FDAGZ
0:58 Loom
8:27 Loom
10:38 Feudal Age
11:17 Double-Bit Axe
15:20 Wheelbarrow
21:03 Castle Age
19:37 Bloodlines
19:52 Gold Mining
21:47 Scale Barding Armor
21:59 Caravan
23:04 Husbandry
27:09 Bow Saw
28:31 Chain Barding Armor
28:23 Forging
28:36 Hand Cart
31:25 Fervor
31:11 Town Watch
35:14 Imperial Age
32:46 Town Patrol
34:36 Iron Casting
35:12 Stone Mining
35:38 Heavy Camel Rider
39:52 Chemistry
39:13 Ballistics
40:03 Plate Barding Armor
44:25 Elite Shrivamsha Rider
48:03 Conscription
slim Shady1318
11:27 Feudal Age
12:04 Double-Bit Axe
12:04 Horse Collar
13:53 Arson
15:39 Scale Mail Armor
19:50 Stone Mining
24:48 Wheelbarrow
25:28 Forging
30:40 Castle Age
31:36 Heavy Plow
34:00 Pikeman
34:40 Squires
34:26 Gambesons
38:47 Hand Cart
44:22 Iron Casting
44:03 Chain Mail Armor
43:53 Scale Barding Armor
43:39 Town Watch
46:34 Husbandry
46:44 Bloodlines
49:24 Imperial Age
erikasantos1455
21:16 Feudal Age
28:16 Castle Age
40:33 Imperial Age
42:06 Elite War Elephant
43:23 Hoardings
Ivan Felipe HD
5:51 Loom
10:29 Feudal Age
11:45 Wheelbarrow
10:57 Horse Collar
11:16 Double-Bit Axe
15:19 Horse Collar
20:27 Castle Age
19:47 Gold Mining
19:48 Stone Mining
21:48 Stone Shaft Mining
21:40 Bow Saw
22:08 Heavy Plow
22:04 Light Cavalry
23:56 Husbandry
24:07 Bloodlines
25:14 Fervor
25:27 Hand Cart
28:47 Sanctity
32:15 Redemption
38:30 Inquisition
38:49 Caravan
42:29 Imperial Age
43:04 Scale Barding Armor
43:10 Forging
43:01 Scale Mail Armor
44:30 Conscription
44:46 Town Watch
45:12 Elite Conquistador
46:46 Illumination
46:58 Theocracy
47:54 Block Printing
48:20 Town Patrol
Connection lost

Rejoining the realm…

Still unreachable

The connection could not be restored.

Session expired

The server has moved on; the page needs a fresh start.